 Dungeon Crawl Stone Soup version 0.22-a0-322-g60b3cfd (webtiles) character file.

212 xccam the Ducker (level 5, -1/43 HPs)
             Began as a Gnoll Wanderer on Apr 3, 2018.
             Slain by an orc
             ... wielding a +0 short sword
              (4 damage)
             ... on level 2 of the Dungeon.
             The game lasted 00:06:27 (1868 turns).

xccam the Ducker (Gnoll Wanderer)                   Turns: 1868, Time: 00:06:27

Health: -1/43      AC:  5    Str: 16    XL:     5   Next: 90%
Magic:  9/9        EV: 13    Int: 13    God:
Gold:   71         SH:  0    Dex: 15    Spells: 10/10 levels left

rFire    . . .     SeeInvis .   a - +2 short sword
rCold    . . .     Gourm    .   (no shield)
rNeg     . . .     Faith    .   k - +0 ring mail
rPois    .         Spirit   .   (no helmet)
rElec    .         Reflect  .   (no cloak)
rCorr    .         Harm     .   (no gloves)
MR       .....                  (no boots)
Stlth    +.........             (no amulet)
HPRegen  0.14/turn              (no ring)
MPRegen  0.11/turn              (no ring)

@: slowed, very slow
A: distributed training, fangs 1, strong nose
a: no special abilities


You were on level 2 of the Dungeon.
You were not hungry.

You visited 1 branch of the dungeon, and saw 2 of its levels.

You collected 71 gold pieces.

Inventory:

Hand Weapons
 a - a +2 short sword (weapon)
 d - a +0 blowgun
 g - a +3 dagger
Missiles
 c - 10 poisoned needles
Armour
 i - a +0 chain mail
 k - a +0 ring mail (worn)
Scrolls
 b - 3 scrolls of remove curse {unknown}
 e - 3 scrolls of identify {unknown}
 h - a scroll of magic mapping {unknown}
 l - a scroll of fear {unknown}
 m - a scroll of fog {unknown}
 n - 3 scrolls of random uselessness {unknown}
 o - a scroll of amnesia {unknown}
Potions
 j - a potion of lignification {unknown}
 p - a potion of haste {unknown}
Comestibles
 f - 7 rations


   Skills:
 + Level 4.8 Fighting
 + Level 3.0 Short Blades
 + Level 1.6 Long Blades
 + Level 1.6 Axes
 + Level 1.6 Maces & Flails
 + Level 1.6 Polearms
 + Level 1.6 Staves
 + Level 1.6 Slings
 + Level 1.6 Bows
 + Level 1.6 Crossbows
 + Level 3.0 Throwing
 + Level 1.6 Armour
 + Level 4.8 Dodging
 + Level 1.6 Stealth
 + Level 1.6 Shields
 + Level 1.6 Unarmed Combat
 + Level 3.2 Spellcasting
 + Level 1.3 Conjurations
 + Level 1.3 Hexes
 + Level 1.3 Charms
 + Level 4.0 Summonings
 + Level 1.3 Necromancy
 + Level 1.3 Translocations
 + Level 1.3 Transmutations
 + Level 1.3 Fire Magic
 + Level 1.3 Ice Magic
 + Level 1.3 Air Magic
 + Level 1.3 Earth Magic
 + Level 1.3 Poison Magic
 + Level 1.8 Invocations
 + Level 3.0 Evocations


You had 10 spell levels left.
You didn't know any spells.

Dungeon Overview and Level Annotations

Branches:
Dungeon (2/15)

Altars:


Innate Abilities, Weirdness & Mutations

Your experience applies equally to all skills.
You have very sharp teeth.
Your uncanny sense of smell can sniff out nearby items.


Message History

The orc hits you with a short sword.
* * * LOW HITPOINT WARNING * * *
The orc wizard hits you but does no damage.
The orc priest mumbles some strange prayers to Beogh against you.
Pain shoots through your body!
* * * LOW HITPOINT WARNING * * *
You hit the orc priest. Your bite misses the orc priest.
The orc priest is severely wounded.
The orc wizard gestures at you while chanting.
You feel yourself slow down. The orc hits you but does no damage.
The orc wizard hits you but does no damage.
The orc hits you from afar with a trident!
* * * LOW HITPOINT WARNING * * *
The orc wizard barely misses you. The orc priest closely misses you.
You puncture the orc priest!
You kill the orc priest!
The orc wizard casts a spell at you.
You feel as though you will be slow longer.
The orc hits you with a short sword.
You die...

#..#.....#.......##. ..
#..........###...... ...
#.#.......<.........
..≈.#.#.##..##....#.[#.#
....#.............##.#.#
. ......###..##.........
........# #...#..#......
.#...#o)###...##....#..#
......o@.o....###......#
#....ro#.......###......
.....######.>...........
...% ##...............
......##..........##..#.
#.o.......##..)..##...##
........#...............
.........#.#####......##
......o...#.#####......##


You could see 2 orc wizards, 2 orcs and a rat.

Vanquished Creatures
  An ogre (D:2)
  An orc priest (D:2)
  A worker ant (D:2)
  3 adders (D:2)
  A dart slug (D:2)
  3 leopard geckos
  An orc (D:2)
  5 bats (D:1)
  2 giant cockroaches
  5 goblins
  2 hobgoblins
  2 ball pythons (D:1)
  2 frilled lizards (D:1)
  11 kobolds
  4 rats
44 creatures vanquished.

Vanquished Creatures (others)
  A plant (D:2)
1 creature vanquished.

Grand Total: 45 creatures vanquished

Notes
Turn   | Place    | Note
-------+----------+-------------------------------------------
     0 | D:1      | xccam the Gnoll Wanderer began the quest for the Orb.
     0 | D:1      | xccam set off with: a +2 short sword, 10 poisoned needles, a +0 blowgun, a +0 robe, a ration
     0 | D:1      | Reached XP level 1. HP: 20/20 MP: 4/4
   301 | D:1      | Reached XP level 2. HP: 26/26 MP: 5/5
   516 | D:1      | Reached XP level 3. HP: 29/31 MP: 7/7
   950 | D:2      | Reached skill level 1 in Long Blades
   950 | D:2      | Reached skill level 1 in Axes
   950 | D:2      | Reached skill level 1 in Maces & Flails
   950 | D:2      | Reached skill level 1 in Polearms
   950 | D:2      | Reached skill level 1 in Staves
   950 | D:2      | Reached skill level 1 in Slings
   950 | D:2      | Reached skill level 1 in Bows
   950 | D:2      | Reached skill level 1 in Crossbows
   950 | D:2      | Reached skill level 1 in Armour
   950 | D:2      | Reached skill level 1 in Stealth
   950 | D:2      | Reached skill level 1 in Shields
   950 | D:2      | Reached skill level 1 in Unarmed Combat
   950 | D:2      | Reached skill level 1 in Invocations
   950 | D:2      | Reached XP level 4. HP: 7/38 MP: 8/8
  1277 | D:2      | Noticed an ogre
  1467 | D:2      | Reached skill level 1 in Conjurations
  1467 | D:2      | Reached skill level 1 in Hexes
  1467 | D:2      | Reached skill level 1 in Charms
  1467 | D:2      | Reached skill level 1 in Necromancy
  1467 | D:2      | Reached skill level 1 in Translocations
  1467 | D:2      | Reached skill level 1 in Transmutations
  1467 | D:2      | Reached skill level 1 in Fire Magic
  1467 | D:2      | Reached skill level 1 in Ice Magic
  1467 | D:2      | Reached skill level 1 in Air Magic
  1467 | D:2      | Reached skill level 1 in Earth Magic
  1467 | D:2      | Reached skill level 1 in Poison Magic
  1548 | D:2      | Killed an ogre
  1548 | D:2      | Reached XP level 5. HP: 4/43 MP: 9/9
  1868 | D:2      | Slain by an orc

Vault maps used:
D:1:      saegor_arrival_simple_b, minmay_pentomino_q2
D:2:      cheibrodos_pilgrimage, zin_academy, first_ration,
          lexackson_kobold_supper, uniq_terence

Skill      XL: |  1  2  3  4 |
---------------+-------------+-----
Long Blades    | 1 |  1.6
Axes           | 1 |  1.6
Maces & Flails | 1 |  1.6
Polearms       | 1 |  1.6
Staves         | 1 |  1.6
Slings         | 1 |  1.6
Bows           | 1 |  1.6
Crossbows      | 1 |  1.6
Armour         | 1 |  1.6
Stealth        | 1 |  1.6
Shields        | 1 |  1.6
Unarmed Combat | 1 |  1.6
Invocations    | 1 |  1.8
Spellcasting   | 3 |  3.2
Conjurations   | 1 |  1.3
Hexes          | 1 |  1.3
Charms         | 1 |  1.3
Necromancy     | 1 |  1.3
Translocations | 1 |  1.3
Transmutations | 1 |  1.3
Fire Magic     | 1 |  1.3
Ice Magic      | 1 |  1.3
Air Magic      | 1 |  1.3
Earth Magic    | 1 |  1.3
Poison Magic   | 1 |  1.3
Short Blades   | 3 |  3.0
Throwing       | 3 |  3.0
Summonings     | 4 |  4.0
Evocations     | 3 |  3.0
Fighting       | |  4.8
Dodging        | |  4.8

Action                   |  1- 3 |  4- 6 || total
-------------------------+-------+-------++-------
Melee: Short sword       |    90 |    90 ||   180
       Bite              |     7 |    11 ||    18
       Punch             |       |     1 ||     1
  Eat: Chunk             |       |     3 ||     3
Armor: Robe              |    16 |       ||    16
       Ring mail         |     9 |    17 ||    26
Dodge: Dodged            |    65 |    47 ||   112

Table legend:
 A = Spawn XP
 B = Non-spawn XP
 C = Spawn XP percentage of total XP
 D = Spawn monster count
 E = Non-spawn monster count
 F = Spawn count percentage of total count
 G = Total turns spent on level
                    A         B        C        D         E        F      G
               +---------+---------+-------+---------+---------+-------+---------
         Total |       0 |     304 |   0.0 |       0 |      44 |   0.0 |  1868
               +---------+---------+-------+---------+---------+-------+---------
           D:1 |       0 |      36 |   0.0 |       0 |      24 |   0.0 |   678
           D:2 |       0 |     268 |   0.0 |       0 |      20 |   0.0 |  1190
               +---------+---------+-------+---------+---------+-------+---------
